 Dungeon Crawl Stone Soup version 0.30-a0-23-ge60ba3568b (webtiles) character file.

Game seed: 18257258618651747842

529 ragingrage the Magician (level 7, -9/51 HPs)
             Began as a Djinni Hedge Wizard on Aug 25, 2022.
             Was an Initiate of Ashenzari.
             Mangled by a two-headed ogre
             ... wielding a +0 giant spiked club
              (36 damage)
             ... on level 5 of the Dungeon.
             The game lasted 00:08:05 (5492 turns).

ragingrage the Magician (Djinni Hedge Wizard)       Turns: 5492, Time: 00:08:05

Health: -9/51      AC: 10    Str:  9    XL:     7   Next: 48%
Gold:   212        EV: 12    Int: 24    God:    Ashenzari [......] SH:  0 Dex: 12

rFire   + . .      SeeInvis .    a - staff of conjuration
rCold   . . .      Faith    .    (no shield)
rNeg    . . .      Spirit   .    i - +0 robe
rPois   ∞          Reflect  .    c - +0 hat
rElec   .          Harm     .    (no cloak)
rCorr   .          Rampage  .    (no gloves)
Will    .....                    (boots unavailable)
Stlth   ++........               (no amulet)
HPRegen 0.17/turn                n - ring of ice
MPRegen 0.00/turn                w - +6 ring of intelligence

@: ice-armoured, flying
A: sickness immunity, fire resistance 2, cold vulnerability 1, float, innate
caster, HP casting, extra vitality 1
a: Renounce Religion


You were on level 5 of the Dungeon.
You worshipped Ashenzari.
Ashenzari was noncommittal.
You visited 2 branches of the dungeon, and saw 6 of its levels.

You collected 212 gold pieces.

Inventory:

Hand Weapons
 b - the +4 whip of Offence {elec, Str+2 Int+3}
   (You took it off a goblin on level 2 of the Dungeon)

   It occasionally discharges a powerful burst of electricity upon striking a
   foe.
   Str:       It affects your strength (+2).
   Int:       It affects your intelligence (+3).
 j - a +3 dagger
 r - a +0 hand axe of venom
Armour
 c - a +0 hat (worn)
 i - a +0 robe (worn)
Magical Staves
 a - a staff of conjuration (weapon)
Jewellery
 n - a ring of ice (left hand)
 p - a +4 ring of protection
 w - a +6 ring of intelligence (right hand)
Scrolls
 d - a scroll of teleportation {unknown}
 g - 4 scrolls of identify {unknown}
 l - 2 scrolls of amnesia {unknown}
 o - a scroll of magic mapping {unknown}
 q - 2 scrolls of butterflies {unknown}
 s - a scroll of blinking {unknown}
 t - a scroll of vulnerability {unknown}
 v - 2 scrolls of enchant armour {unknown}
Potions
 e - a potion of curing {unknown}
 f - 2 potions of berserk rage {unknown}
 h - a potion of attraction {unknown}
 k - a potion of brilliance {unknown}
 m - 2 potions of heal wounds {unknown}
 u - a potion of degeneration {unknown}
 x - a potion of lignification {unknown}


   Skills:
 + Level 3.7 Fighting
 - Level 2.6 Dodging
 - Level 2.0 Stealth
 * Level 5.1 Spellcasting


You couldn't memorise any spells.
You knew the following spells:

 Your Spells              Type           Power      Damage    Failure   Level
a - Searing Ray           Conj           92%        2d7       1%          2
b - Call Imp              Summ           31%        N/A       1%          2
c - Blink                 Tloc           62%        N/A       1%          2
d - Slow                  Hex            100%       N/A       1%          1
e - Conjure Flame         Conj/Fire      46%        6-21      3%          3
f - Mephitic Cloud        Conj/Pois/Air  46%        N/A       3%          3
g - Necrotise             Necr           100%       1d9       1%          1
h - Magic Dart            Conj           100%       1d8       1%          1
i - Ozocubu's Armour      Ice            46%        N/A       3%          3
Your spell library was empty.

Dungeon Overview and Level Annotations

Branches:
Dungeon (5/15)             Temple (1/1) D:5

Altars:
Ashenzari
Dithmenos
Gozag
Nemelex Xobeh
Ru
Trog
Yredelemnul

Shops:
D:2 =

Annotations:
D:3 3 runed translucent doors, Sobieck's ghost, amateur VSBr; bchevrier's ghost, amateur GnWn; bearlyready's ghost, weakling PaHu; relicbr's ghost, amateur DEFE


Innate Abilities, Weirdness & Mutations

You are immune to sickness and miasma.
You are immune to poison.
Your flesh is very heat resistant. (rF++)
You are vulnerable to cold. (rC-)
You float through the air rather than walking.
You learn spells naturally, not from books.
Your magical power is your life essence.
You have superior vitality. (+4 MHP)


Message History

You feel a surge of power!
The magic dart hits the two-headed ogre.
The two-headed ogre is heavily wounded.
The two-headed ogre is engulfed in noxious fumes.
Aiming: Magic Dart (safe; 1% risk of failure)
Press: ? - help, Q - select action, (/) - cycle Shift-Dir - straight line, f/p - two-headed ogre
Aim: a two-headed ogre, wielding two +0 giant spiked clubs (moderately wounded, confused, 100% to hit)
You feel a surge of power!
The magic dart hits the two-headed ogre.
The two-headed ogre is heavily wounded.
Aiming: Magic Dart (safe; 1% risk of failure)
Press: ? - help, Q - select action, (/) - cycle Shift-Dir - straight line, f/p - two-headed ogre
Aim: a two-headed ogre, wielding two +0 giant spiked clubs (heavily wounded, confused, 100% to hit)
You feel a surge of power!
The magic dart hits the two-headed ogre but does no damage.
The two-headed ogre is heavily wounded.
Aiming: Magic Dart (safe; 1% risk of failure)
Press: ? - help, Q - select action, (/) - cycle Shift-Dir - straight line, f/p - two-headed ogre
Aim: a two-headed ogre, wielding two +0 giant spiked clubs (heavily wounded, confused, 100% to hit)
You feel a surge of power!
The magic dart hits the two-headed ogre.
The two-headed ogre is heavily wounded.
Aiming: Magic Dart (safe; 1% risk of failure)
Press: ? - help, Q - select action, (/) - cycle Shift-Dir - straight line, f/p - two-headed ogre
Aim: a two-headed ogre, wielding two +0 giant spiked clubs (heavily wounded, confused, 100% to hit)
You feel a surge of power!
The magic dart hits the two-headed ogre.
The two-headed ogre is severely wounded.
Casting: Magic Dart (safe; 1% risk of failure)
Confirm with . or Enter, or press ? or * to list all spells.
Aiming: Searing Ray (safe; 1% risk of failure)
Press: ? - help, Shift-Dir - straight line, f/p - two-headed ogre
Aim: a two-headed ogre, wielding two +0 giant spiked clubs (severely wounded, confused, 98% to hit)
You feel a surge of power!
The searing ray hits the two-headed ogre!
The two-headed ogre is almost dead. (Press . to maintain the ray.)
The two-headed ogre hits you with a +0 giant spiked club!!!
Ouch! That really hurt!
You die...

##.# ##..>....### ..#
##[...:## #.# ##..>.#
#####.#### ##)..#
#........# #..##
#.###.##.######.#####
#.#
#.##.##..)......##
#.#
#O##.##.##...#...#
#.#
#@......#........#
#.#
####.#####...#...#
#.######.# ##.##...#
#........# #.##...)
########## #.##.#.#
#.##.#.# #.##...#
#)###### #.#


You could see a two-headed ogre (confused).

Vanquished Creatures
  A black bear (D:5)
  2 ogres (D:5)
  2 necrophages
  Robin (D:2)
  5 adders
  A white imp (D:5)
  An ufetubus (D:5)
  4 worms
  A dart slug (D:5)
  4 orcs
  5 bats
  3 endoplasms
  2 giant cockroaches (D:1)
  8 goblins
  10 hobgoblins
  4 jackals (D:1)
  2 quokkas
  2 ball pythons
  5 frilled lizards
  6 kobolds
  2 rats (D:1)
71 creatures vanquished.

Vanquished Creatures (collateral kills)
  6 goblins (D:2)
6 creatures vanquished.

Vanquished Creatures (others)
  6 plants (D:1)
6 creatures vanquished.

Grand Total: 83 creatures vanquished

Notes
Turn   | Place    | Note
-------+----------+-------------------------------------------
     0 | D:1      | ragingrage the Djinni Hedge Wizard began the quest for the
                  | Orb.
     0 | D:1      | ragingrage set off with the following spells memorised:
                  | Magic Dart, Blink, Call Imp, Slow, Conjure Flame, Mephitic
                  | Cloud.
     0 | D:1      | Reached XP level 1. HP: 15/15 MP: 0/0
   409 | D:1      | Found a faded altar of an unknown god.
   521 | D:1      | Reached XP level 2. HP: 11/21 MP: 0/0
  1152 | D:1      | Reached XP level 3. HP: 22/25 MP: 0/0
  1152 | D:1      | Learned a level 1 spell: Necrotise
  1536 | D:2      | Found Zakly's Jewellery Boutique.
  1578 | D:2      | Identified the +3 leather armour of the Eight Visionaries
                  | {-Cast rN++ Will+}
  1671 | D:2      | Identified the +4 whip of Offence {elec, Str+2 Int+3}
  1750 | D:2      | Noticed Robin
  1764 | D:2      | Killed Robin
  1765 | D:2      | Reached skill level 1 in Fighting
  1765 | D:2      | Reached skill level 3 in Spellcasting
  1778 | D:2      | Reached XP level 4. HP: 19/32 MP: 0/0
  2651 | D:3      | Noticed a necrophage
  2789 | D:1      | Prayed at the altar of an unknown god.
  2789 | D:1      | Became a worshipper of Dithmenos the Shadowed
  2789 | D:1      | Reached * piety under Dithmenos
  2809 | D:3      | Found a sparkling altar of Nemelex Xobeh.
  3083 | D:3      | Reached XP level 5. HP: 29/38 MP: 0/0
  3083 | D:3      | Learned a level 2 spell: Searing Ray
  3482 | D:3      | Found a runed translucent gate.
  3482 | D:3      | Noticed bearlyready's ghost (weakling PaHu)
  3483 | D:3      | Found a runed translucent gate.
  3483 | D:3      | Found a runed translucent gate.
  3483 | D:3      | Noticed bchevrier's ghost (amateur GnWn)
  3483 | D:3      | Noticed relicbr's ghost (amateur DEFE)
  3484 | D:3      | Noticed Sobieck's ghost (amateur VSBr)
  3959 | D:4      | Reached skill level 4 in Spellcasting
  3959 | D:4      | Reached XP level 6. HP: 30/45 MP: 0/0
  4736 | D:5      | Entered Level 5 of the Dungeon
  4738 | D:5      | Found a bloodstained altar of Trog.
  4992 | D:5      | Noticed an ogre
  4999 | D:5      | Killed an ogre
  5058 | D:5      | Found a staircase to the Ecumenical Temple.
  5065 | D:5      | Noticed an ogre
  5070 | D:5      | Killed an ogre
  5071 | D:5      | Reached XP level 7. HP: 42/50 MP: 0/0
  5071 | D:5      | Learned a level 3 spell: Ozocubu's Armour
  5083 | Temple   | Entered the Ecumenical Temple
  5232 | Temple   | Fell from the grace of Dithmenos
  5232 | Temple   | Became a worshipper of Ashenzari the Shackled
  5477 | D:5      | Noticed a two-headed ogre
  5481 | D:5      | Reached skill level 5 in Spellcasting
  5492 | D:5      | Mangled by a two-headed ogre

Illustrated notes

Levels and vault maps discovered:
D:1:      moated_graveyard_arrival, layout_rooms, serial_forest,
          infiniplex_forest_clump_curved, infiniplex_forest_clump_cross,
          infiniplex_forest_lined_1, infiniplex_forest_lined_4_way,
          infiniplex_forest_lined_4_way, ebering_ecumenical_altar_mist
D:2:      layout_loops_ring, serial_shops, nicolae_shop_hallway_stairs,
          fountainhead, st_stairs_10, uniq_robin
D:3:      layout_basic, nicolae_overflow_hidden_temple,
          gammafunk_ghost_cemetery, nicolae_wormholes
D:4:      layout_loops_ring
D:5:      layout_loops_corners, nicolae_overflow_crystal_walls,
          mainiacjoe_overflow_small_starburst, minmay_temple_entry_offerings,
          minivault_4
Temple:   nicolae_temple_slightly_damp_pantheon

Skill      XL: |  1  2  3  4  5  6  7 |
---------------+----------------------+-----
Stealth        | 2 |  2.0
Fighting       | 1 2 3 |  3.7
Spellcasting   | 3 4 5 |  5.1
Dodging        | |  2.6

Action                   |  1- 3 |  4- 6 |  7- 9 || total
-------------------------+-------+-------+-------++-------
Melee: Dagger            |    29 |       |       ||    29
       Short sword       |    21 |       |       ||    21
       Whip              |     1 |     6 |       ||     7
       Staff             |       |     7 |       ||     7
       Punch             |       |     1 |       ||     1
 Cast: Magic Dart        |    47 |   101 |    19 ||   167
       Call Imp          |     4 |     3 |       ||     7
       Searing Ray       |       |     5 |     1 ||     6
       Necrotise         |       |     4 |       ||     4
       Mephitic Cloud    |       |     2 |     2 ||     4
       Conjure Flame     |       |       |     1 ||     1
       Ozocubu's Armour  |       |       |     1 ||     1
 Stab: Sleeping          |     1 |       |       ||     1
Armor: Robe              |    13 |     5 |       ||    18
Dodge: Dodged            |    40 |    21 |     1 ||    62

Table legend: (Time is in decaauts)
 A = Elapsed time spent in this place.
 B = Non-inter-level travel time spent in this place.
 C = Inter-level travel time spent in this place.
 D = Time resting spent in this place.
 E = Time spent auto-exploring this place.
 F = Levels seen in this place.
 G = Mean time per level.
                   A        B        C        D        E       F      G
               +--------+--------+--------+--------+--------+-----+--------+
         Total |   5481 |   5204 |    277 |   1370 |   3186 |   6 |  913.5 |
       Dungeon |   5310 |   5082 |    228 |   1370 |   3077 |   5 | 1062.0 |
        Temple |    170 |    121 |     49 |      0 |    109 |   1 |  170.0 |
               +--------+--------+--------+--------+--------+-----+--------+

Top non-repeatable levels by time:
     D:1: 1540 daAuts
     D:3: 1212 daAuts
     D:2: 1177 daAuts
     D:4: 796 daAuts
     D:5: 584 daAuts
  Temple: 170 daAuts
